 Dungeon Crawl Stone Soup version 0.21.1 (webtiles) character file.

131239 Jerry the Fencer (level 16, -10/176 HPs)
             Began as a Demonspawn Chaos Knight on Feb 3, 2018.
             Shot with a bolt by a naga sharpshooter (16 damage)
             ... on level 4 of the Snake Pit.
             The game lasted 02:17:09 (32282 turns).

Jerry the Fencer (Demonspawn Chaos Knight)         Turns: 32282, Time: 02:17:10

Health: -10/176    AC: 32    Str: 22    XL:     16   Next: 54%
Magic:  6/16       EV: 13    Int: 17    God:    Xom [.*....]
Gold:   2275       SH:  5    Dex: 20    Spells: 10/15 levels left

rFire    + + +     SeeInvis .   Q - +2 great sword (flame)
rCold    . . .     Gourm    .   (shield currently unavailable)
rNeg     . . .     Faith    .   L - +4 plate armour {rF+}
rPois    +         Spirit   .   (helmet unavailable)
rElec    .         Reflect  +   B - +1 cloak
rCorr    +         Harm     .   F - +0 pair of gloves (curse)
MR       ++++.     Clarity  +   f - +2 pair of boots
Stlth    ..........             M - +5 amulet of reflection
HPRegen  0.39/turn              j - +2 ring of slaying
MPRegen  0.15/turn              y - ring of resist corrosion

@: agile, lethally poisoned (-10 -> -23)
A: beak, claws 1, horns 3, rugged brown scales 3, agile 1, blurry vision 2,
clarity, clever 1, demonic guardian 1, deterioration 1, fire resistance 3, magic
resistance 3, mutation resistance 1, sense surroundings 2, poison resistance,
robust 3, spiny 1, strong 2, wild magic 3
a: Renounce Religion


You were on level 4 of the Snake Pit.
You worshipped Xom.
You were a plaything of Xom.
You were very hungry.

You visited 4 branches of the dungeon, and saw 26 of its levels.
You also visited: Volcano.

You collected 2275 gold pieces.

Inventory:

Hand Weapons
 H - a +0 double sword
 Q - a +2 great sword of flaming (weapon)
Armour
 f - a +2 pair of boots (worn)
 z - +0 gold dragon scales
 B - a +1 cloak (worn)
 F - a cursed +0 pair of gloves (worn)
 L - a +4 plate armour of fire resistance (worn)
Jewellery
 j - a +2 ring of slaying (left hand)
 y - a ring of resist corrosion (right hand)
 C - an uncursed ring of see invisible
 J - an uncursed ring of wizardry
 M - a +5 amulet of reflection (around neck)
 S - an uncursed ring of ice
Wands
 b - a wand of random effects (80)
 g - a wand of enslavement (21)
 m - a wand of iceblast (16)
 n - a wand of clouds (5)
 A - a wand of scattershot (6)
 E - a wand of flame (48)
 N - a wand of paralysis (18)
Scrolls
 d - a scroll of identify
 i - 4 scrolls of amnesia
 l - a scroll of enchant armour
 r - 3 scrolls of immolation
 u - 8 scrolls of remove curse
 w - a scroll of fog
 G - a scroll of fear
 I - a scroll of silence {unknown}
 K - a scroll of magic mapping
 R - 3 scrolls of teleportation
 V - 4 scrolls of blinking
Potions
 a - a potion of berserk rage
 e - a potion of flight
 o - 3 potions of cancellation
 q - 10 potions of curing
 v - 2 potions of agility
 x - 6 potions of brilliance
 D - 2 potions of mutation
 O - 2 potions of resistance
 U - a potion of might {unknown}
Miscellaneous
 h - a lamp of fire
 k - a phantom mirror
Comestibles
 c - 37 rations


   Skills:
 + Level 12.8 Fighting
 * Level 18.9 Long Blades
 + Level 15.8 Armour
 - Level 0.8 Dodging
   Level 6.6 Shields


You had 10 spell levels left.
You knew the following spells:

 Your Spells              Type           Power        Failure   Level  Hunger
a - Beastly Appendage     Tmut           #.....       98%         1    ##.....
b - Apportation           Tloc           #.....       98%         1    ##.....
c - Lesser Beckoning      Tloc           #.........   100%        3    ####...


Dungeon Overview and Level Annotations

Branches:
Dungeon (15/15)            Temple (1/1) D:4            Lair (6/6) D:9
 Shoals (0/4) Lair:3        Snake (4/4) Lair:3        Slime (0/5) Lair:6
    Orc (0/2) D:12         Vaults (0/5) D:13         Depths (0/5) D:15

Altars:
Ashenzari
Cheibriados
Dithmenos
Elyvilon
Fedhas
Gozag
Hepliaklqana
Kikubaaqudgha
Makhleb
Okawaru
Qazlal
Ru
Sif Muna
Trog
Uskayaw
Vehumet
Wu Jian
Xom
Yredelemnul
Zin
The Shining One
Jiyva

Shops:
D:4 :   D:11 (

Annotations:
Lair:6 1 runed door


Innate Abilities, Weirdness & Mutations

You have a pair of large horns on your head.
You are completely covered in rugged brown scales. (AC +3, +7% HP)
A weak demonic guardian rushes to your aid.
You are extremely robust. (+30% HP)
You are partially covered in sharp spines.
You have a beak for a mouth.
You have sharp fingernails.
You are agile. (Dex +2)
Scrolls take you longer to read.
You possess an exceptional clarity of mind.
Your mind is acute. (Int +2)
Your body sometimes deteriorates upon taking damage.
Your flesh is almost immune to the effects of heat. (rF+++)
You are extremely resistant to the effects of hostile enchantments. (MR+++)
You are somewhat resistant to further mutation.
You passively map the area around you.
Your system is resistant to poisons. (rPois)
Your muscles are very strong. (Str +4)
Your spells are much harder to cast, but much more powerful.


Message History

The nagaraja spits poison at you. The splash of poison hits you!
You are lethally poisoned!
You resist.
You begin reading the scroll.
You continue reading the scroll.
* * * LOW HITPOINT WARNING * * *
You feel sick.
Your sixfirhy hits the nagaraja but does no damage.
You block the nagaraja's attack.
The crimson imp sputters.
Your white imp gestures at the nagaraja.
The puff of frost hits the nagaraja.
The ynoxinul completely misses your sixfirhy.
The rust devil is struck by your spines.
The rust devil hits you.
The naga sharpshooter casts a spell.
The naga sharpshooter magically shoots a bolt.
The bolt hits you!
You die...
Xom roars with laughter!

#.#.## #...##.# ,* , #..###
###.##..# , * #. #.###...# *
#. #..#.N..# , ,,, * ,###
###.......### , , , #.##
#.N.....N.'.# ,, ,*
##..###5#...N...#.# , *,,
#.#..##4#....#..#.# ,
##...3N@#[.)'##[#.# ,, ,*
##..53##..#))###.# , ,, **
##...##.##...##.# ,, ,**
#.5)####.....#.# *
#5.5###......#.# #
#...##....)..#.#
#############....#......##.#
....N......##.5[.#.....###.#
.......S..(##(..###N.N##.#.#


You could see a nagaraja, a naga sharpshooter, a rust devil, a ynoxinul, a
crimson imp, a friendly sixfirhy, 2 friendly quasits and 3 friendly white imps.

Vanquished Creatures
  2 nagarajas (Snake:4)
  The ghost of Peloso the Carver, a journeyman MiFi of Okawaru (D:13)
  Snorg (D:10)
  Fannar (D:11)
  A fire dragon (D:15)
  2 hydras
  7 naga warriors
  7 vault guards (D:13)
  Harold (D:11)
  2 ice dragons
  11 anacondas
  3 centaur warriors
  3 two-headed ogres
  3 tengu warriors
  4 death yaks (Lair:6)
  5 shock serpents
  12 naga sharpshooters
  A hell knight (Volcano)
  2 salamander mystics
  4 skeletal warriors (D:13)
  3 unseen horrors
  4 naga ritualists
  A wolf spider zombie (D:15)
  An oklob plant (Lair:1)
  A wolf spider (D:15)
  5 deep elf magi
  8 mana vipers
  5 ugly things
  4 cyclopes
  3 manticores
  A moth of wrath (D:13)
  Maurice (D:10)
  9 salamanders
  A guardian serpent (Snake:1)
  14 naga magi
  37 black mambas
  A spiny frog (shapeshifter) (D:13)
  12 spiny frogs
  2 gargoyles (D:14)
  A kobold demonologist (D:10)
  A rime drake (Lair:6)
  3 komodo dragons (Lair:6)
  3 trolls
  A wind drake (shapeshifter) (D:13)
  2 hornets
  A tengu conjurer (D:14)
  4 polar bears
  Prince Ribbit (D:5)
  10 blink frogs
  A harpy skeleton (D:15)
  2 meliai zombies
  12 hippogriffs
  A human (D:10)
  5 water elementals (D:15)
  3 shadows
  6 wyverns
  2 hungry ghosts
  47 yaks
  4 basilisks
  2 wraiths
  A human (shapeshifter) (Lair:2)
  2 steam dragons
  A golden eye (Snake:2)
  3 vampire mosquitoes
  3 wargs
  2 acid dragons (Lair:6)
  45 nagas
  A soldier ant (shapeshifter) (Lair:3)
  14 water moccasins
  6 orc warriors
  A swamp drake (shapeshifter) (Lair:3)
  4 ice beasts
  8 porcupines
  2 hell hounds (Lair:4)
  4 ogres
  2 phantoms
  A black bear (Lair:1)
  An eye of draining (D:15)
  7 sky beasts
  2 necrophages
  9 wolves
  14 centaurs
  13 crocodiles
  12 big kobolds
  19 bullfrogs
  A gnoll sergeant (D:11)
  A wyvern zombie (D:13)
  3 scorpions
  9 killer bees
  3 electric eels
  7 howler monkeys
  8 crimson imps
  3 bullfrog zombies
  4 centaur zombies
  A quasit (D:6)
  A jelly (D:13)
  4 hounds
  12 orc wizards
  13 orc priests
  Crazy Yiuf (D:2)
  5 bullfrog skeletons
  3 iguanas
  11 centaur skeletons
  7 hell rats (Lair:4)
  10 worker ants
  A bullfrog simulacrum (D:9)
  2 worker ant zombies
  3 gnolls (D:11)
  2 howler monkey skeletons
  5 adders
  A hound simulacrum (D:9)
  2 shadow imps
  A white imp (D:9)
  An adder skeleton (D:5)
  3 worms
  2 dart slugs
  An adder simulacrum (D:9)
  6 leopard geckos
  50 orcs
  4 bats
  5 giant cockroaches
  10 goblins
  7 hobgoblins
  18 jackals
  5 quokkas
  5 frilled lizards
  10 kobolds
  A leopard gecko skeleton (D:5)
  9 rats
  A rat zombie (D:9)
737 creatures vanquished.

Vanquished Creatures (collateral kills)
  A death yak (Lair:6)
  A shock serpent (Snake:2)
  A naga sharpshooter (Snake:3)
  2 wolf spider zombies
  A mana viper (Snake:2)
  2 oklob plants (Lair:1)
  A wolf spider (D:13)
  A salamander (Snake:4)
  A guardian serpent (Snake:4)
  A black mamba (Lair:6)
  A spiny frog (Lair:3)
  A komodo dragon (Lair:6)
  A blink frog (Lair:2)
  2 yaks
  A wyvern (Lair:6)
  A basilisk (Lair:4)
  2 hungry ghosts
  2 nagas
  A sky beast (D:7)
  An ogre (D:7)
  A centaur (Lair:3)
  A crocodile (Lair:3)
  A big kobold (D:10)
  A scorpion (D:7)
  A howler monkey (D:7)
  A shadow imp (D:14)
  An orc (D:10)
32 creatures vanquished.

Vanquished Creatures (others)
  A vault guard (D:13)
  An anaconda (Snake:4)
  A naga ritualist (Snake:4)
  6 big kobolds (D:10)
  An orc wizard (D:10)
  A shadow imp (D:10)
  An orc (D:10)
  4 kobolds (D:10)
  13 fungi
  32 plants
61 creatures vanquished.

Grand Total: 830 creatures vanquished

Notes
Turn   | Place    | Note
-------+----------+-------------------------------------------
     0 | D:1      | Jerry the Demonspawn Chaos Knight began the quest for the Orb.
     0 | D:1      | Reached XP level 1. HP: 18/18 MP: 1/1
    32 | D:1      | XOM: silly message
    64 | D:1      | Reached skill level 3 in Long Blades
   106 | D:1      | Gained mutation: You are partially covered in rugged brown scales. (AC +1, +3% HP) [demonic ancestry]
   106 | D:1      | Reached XP level 2. HP: 18/24 MP: 2/2
   725 | D:2      | Found an iron altar of Okawaru.
   731 | D:2      | Found a bloodstained altar of Trog.
   753 | D:2      | XOM: god gift: 41 gold pieces
   782 | D:2      | Gained mutation: You are mostly covered in rugged brown scales. (AC +2, +5% HP) [demonic ancestry]
   782 | D:2      | Reached XP level 3. HP: 21/30 MP: 3/3
   846 | D:2      | Found an ornate altar of the Wu Jian Council.
   863 | D:2      | Found a shadowy altar of Dithmenos.
   998 | D:2      | Found a runed door.
  1142 | D:2      | XOM: give mutations
  1142 | D:2      | Gained mutation: Your mind is acute. (Int +2) [Xom's grace]
  1142 | D:2      | Gained mutation: Your flesh is heat resistant. (rF+) [Xom's grace]
  1142 | D:2      | Gained mutation: You passively map a small area around you. [Xom's grace]
  1174 | D:2      | XOM: scenery: 1 doors open, 2 doors close
  1192 | D:2      | XOM: god gift: 2 bubbling emerald potions {god gift}
  1364 | D:2      | Noticed Crazy Yiuf
  1371 | D:2      | Killed Crazy Yiuf
  1371 | D:2      | Reached XP level 4. HP: 36/36 MP: 4/4
  1456 | D:2      | Reached skill level 4 in Long Blades
  1509 | D:2      | XOM: scenery: 1 doors open, 1 doors close
  1743 | D:3      | XOM: divination: detect items
  1798 | D:3      | Reached XP level 5. HP: 42/44 MP: 5/5
  1886 | D:3      | XOM: noise
  2009 | D:3      | Found a burning altar of Makhleb.
  2012 | D:3      | XOM: polymorph worm -> killer bee
  2090 | D:3      | Gained mutation: A weak demonic guardian rushes to your aid. [demonic ancestry]
  2090 | D:3      | Reached XP level 6. HP: 39/50 MP: 6/6
  2305 | D:3      | Found a basalt altar of Yredelemnul.
  2430 | D:3      | XOM: god gift: embroidered hat {god gift}
  2605 | D:4      | XOM: 3-stop teleportation journey
  2651 | D:4      | XOM: 1-stop teleportation journey
  2721 | D:4      | Reached skill level 5 in Long Blades
  2851 | D:4      | Found a staircase to the Ecumenical Temple.
  3015 | D:4      | Found Otielecu's Book Shoppe.
  3170 | D:5      | Entered Level 5 of the Dungeon
  3225 | D:5      | Got a faintly glowing scale mail
  3231 | D:5      | Reached XP level 7. HP: 47/57 MP: 7/7
  3261 | D:5      | XOM: divination: detect creatures
  3273 | D:5      | XOM: god gift: 15 bolts
  3443 | D:4      | XOM: give mutations
  3443 | D:4      | Lost mutation: Your mind is acute. (Int +2) [Xom's mischief]
  3443 | D:4      | Gained mutation: Scrolls take you a little longer to read. [Xom's mischief]
  3443 | D:4      | Gained mutation: Scrolls take you longer to read. [Xom's mischief]
  3512 | D:5      | Noticed Prince Ribbit
  3515 | D:5      | XOM: mild Erth miscast
  3532 | D:5      | Killed Prince Ribbit
  3532 | D:5      | Reached skill level 5 in Fighting
  3532 | D:5      | Reached skill level 6 in Long Blades
  3571 | D:5      | Identified the cursed +1 scale mail of Negligence {rF++} (You found it on level 5 of the Dungeon)
  3745 | D:5      | XOM: enchant monster (bad)
  4026 | D:5      | Found a shattered altar of Ashenzari.
  4137 | D:6      | XOM: scenery: create altars
  4150 | D:6      | XOM: 3-stop teleportation journey
  4209 | D:6      | XOM: scenery: create altars
  4251 | D:6      | XOM: medium Necr miscast
  4252 | D:6      | Noticed a shadow
  4252 | D:6      | Noticed a shadow
  4253 | D:6      | XOM: butterfly on damage
  4526 | D:6      | Reached XP level 8. HP: 59/66 MP: 8/8
  4831 | D:7      | XOM: summons 2 hostile shadow creatures
  4849 | D:6      | Reached skill level 7 in Long Blades
  4882 | D:7      | XOM: cleaving
  4936 | D:6      | XOM: give mutations
  4936 | D:6      | Gained mutation: Your body sometimes deteriorates upon taking damage. [Xom's mischief]
  4936 | D:6      | Gained mutation: Armour fits poorly on your strangely shaped body. [Xom's mischief]
  5101 | D:7      | XOM: fog
  5275 | D:7      | Reached skill level 5 in Armour
  5392 | D:7      | Found a stormy altar of Qazlal.
  5627 | D:7      | XOM: enchant monster (good)
  5644 | D:7      | Reached skill level 8 in Long Blades
  5684 | D:7      | Gained mutation: You have a pair of small horns on your head. [demonic ancestry]
  5684 | D:7      | Reached XP level 9. HP: 64/74 MP: 9/9
  5789 | D:7      | XOM: give mutations
  5789 | D:7      | Gained mutation: Your mind is acute. (Int +2) [Xom's grace]
  5789 | D:7      | Gained mutation: Your muscles are strong. (Str +2) [Xom's grace]
  5973 | D:8      | XOM: summons friendly crimson imp
  6113 | D:7      | XOM: god gift: 33 bolts
  6544 | D:8      | XOM: give mutations
  6544 | D:8      | Gained mutation: You have a beak for a mouth. [Xom's grace]
  6544 | D:8      | Gained mutation: You evolve. [Xom's grace]
  6544 | D:8      | Gained mutation: You have a pair of horns on your head. [Xom's grace]
  6544 | D:8      | Gained mutation: You possess an exceptional clarity of mind. [Xom's grace]
  6613 | D:8      | Noticed a two-headed ogre
  6615 | D:8      | XOM: 5-stop teleportation journey
  6617 | D:8      | XOM: 3-stop teleportation journey
  6625 | D:8      | Found a hide-covered altar of Uskayaw.
  6625 | D:8      | Noticed a hand axe
  6626 | D:8      | Noticed a dagger
  6659 | D:8      | Killed a two-headed ogre
  6659 | D:8      | Reached skill level 9 in Long Blades
  6768 | D:8      | XOM: smoke on damage
  6918 | D:8      | Found a stormy altar of Qazlal.
  7029 | D:8      | XOM: cleaving
  7214 | D:9      | XOM: summons 2 friendly demons
  7276 | D:9      | Found an ancient bone altar of Kikubaaqudgha.
  7343 | D:9      | XOM: scenery: create altars
  7568 | D:9      | Reached XP level 10. HP: 35/84 MP: 10/10
  7570 | D:9      | XOM: cast spell 'Leda's Liquefaction'
  7864 | D:9      | Reached skill level 10 in Long Blades
  7887 | D:9      | XOM: summons friendly crimson imp
  8084 | D:9      | XOM: cast spell 'Summon Small Mammal'
  8164 | D:9      | Found a staircase to the Lair.
  8430 | D:9      | Noticed a cyclops
  8446 | D:9      | Killed a cyclops
  8561 | D:9      | Gained mutation: You rapidly evolve. [evolution]
  8760 | D:10     | Entered Level 10 of the Dungeon
  8838 | D:10     | Noticed Snorg
  8898 | D:10     | XOM: harmless Summ miscast
  8902 | D:10     | XOM: 3-stop teleportation journey
  8916 | D:10     | Killed Snorg
  9232 | D:10     | XOM: cleaving
  9270 | D:10     | Reached skill level 11 in Long Blades
  9365 | D:10     | XOM: scenery: create altars
  9397 | D:10     | XOM: destruction
  9415 | D:10     | XOM: scenery: create altars
  9417 | D:10     | XOM: cast spell 'Summon Butterflies'
  9434 | D:10     | XOM: enchant monster (good)
  9624 | D:9      | XOM: summons 1 hostile demon
  9625 | D:9      | Noticed an orange demon
  9675 | D:9      | XOM: harmless Erth miscast
  9812 | D:10     | XOM: 2-stop teleportation journey
  9827 | D:10     | Noticed Maurice
  9864 | D:10     | Killed Maurice
  9864 | D:10     | Reached XP level 11. HP: 83/93 MP: 11/11
  9959 | D:10     | XOM: scenery: create altars
 10321 | D:10     | XOM: scenery: create altars
 10440 | D:10     | XOM: give mutations
 10440 | D:10     | Gained mutation: Your system is resistant to poisons. (rPois) [Xom's grace]
 10440 | D:10     | Gained mutation: You are resistant to hostile enchantments. (MR+) [Xom's grace]
 10456 | D:10     | XOM: god gift: +27 Lear's hauberk
 10457 | D:10     | Found the +27 Lear's hauberk
 10511 | Lair:1   | Entered Level 1 of the Lair of Beasts
 10690 | Lair:1   | Noticed a six-headed hydra
 10691 | Lair:1   | XOM: 7-stop teleportation journey
 10811 | Lair:1   | XOM: 3-stop teleportation journey
 11016 | Lair:1   | XOM: potion effect (invisibility)
 11207 | Lair:1   | Noticed an oklob plant
 11207 | Lair:1   | Noticed an oklob plant
 11207 | Lair:1   | Noticed an oklob plant
 11317 | Lair:2   | XOM: cleaving
 11511 | Lair:2   | XOM: 1-stop teleportation journey
 11544 | Lair:2   | XOM: cleaving
 11546 | Lair:2   | XOM: divine lightning
 11552 | Lair:2   | Killed a six-headed hydra
 11552 | Lair:2   | Reached skill level 12 in Long Blades
 11557 | Lair:2   | XOM: summons 5 friendly demons
 11563 | Lair:2   | XOM: enchant monster (good)
 11564 | Lair:2   | XOM: snakes to sticks
 11644 | Lair:2   | XOM: 8-stop teleportation journey
 11723 | Lair:2   | Reached skill level 10 in Fighting
 11790 | Lair:2   | XOM: noise
 11800 | Lair:2   | Lost mutation: You rapidly evolve. [decline of evolution]
 12103 | Lair:2   | XOM: god gift: 18 gold pieces
 12325 | Lair:3   | Found a staircase to the Shoals.
 12338 | Lair:3   | XOM: enchant monster (bad)
 12554 | Lair:3   | Found a staircase to the Snake Pit.
 12585 | Lair:3   | XOM: destruction
 12649 | Lair:3   | XOM: divination: detect creatures
 12848 | Lair:3   | XOM: god gift: 240 gold pieces
 13048 | Lair:3   | XOM: potion effect (haste)
 13084 | Lair:3   | Gained mutation: You are partially covered in sharp spines. [demonic ancestry]
 13084 | Lair:3   | Reached XP level 12. HP: 97/102 MP: 12/12
 13224 | Lair:3   | XOM: god gift: short sword {god gift}
 13427 | Lair:3   | Learned a level 1 spell: Beastly Appendage
 13533 | Lair:4   | Reached skill level 13 in Long Blades
 13545 | Lair:4   | XOM: noise
 13610 | Lair:4   | Found a dark tunnel.
 13621 | Lair:4   | Reached skill level 1 in Shields
 13629 | Volcano  | Entered a volcano
 13632 | Volcano  | XOM: harmless Ice miscast
 13819 | Volcano  | XOM: noise
 13869 | Volcano  | XOM: confuse monster(s)
 14150 | Volcano  | XOM: potion effect (curing)
 14155 | Volcano  | XOM: potion effect (berserk rage)
 14242 | Volcano  | XOM: silly message
 14601 | Lair:4   | XOM: noise
 14937 | Lair:4   | XOM: harmless Conj miscast
 15032 | Lair:4   | XOM: summons friendly chaos spawn
 15172 | Lair:5   | Noticed a five-headed hydra
 15182 | Lair:5   | Killed a five-headed hydra
 15182 | Lair:5   | Reached skill level 10 in Armour
 15309 | Lair:5   | XOM: god gift: gnarled glowing staff {god gift}
 15672 | Lair:5   | XOM: torment (52/102 hp)
 15815 | Lair:5   | XOM: give mutation
 15815 | Lair:5   | Gained mutation: Your flesh is very heat resistant. (rF++) [Xom's grace]
 15883 | Lair:5   | XOM: cleaving
 15985 | Lair:5   | XOM: give mutations
 15985 | Lair:5   | Gained mutation: Your spells are a little harder to cast, but a little more powerful. [Xom's grace]
 15985 | Lair:5   | Gained mutation: You are agile. (Dex +2) [Xom's grace]
 15985 | Lair:5   | Gained mutation: You are completely covered in rugged brown scales. (AC +3, +7% HP) [Xom's grace]
 16013 | Lair:6   | Entered Level 6 of the Lair of Beasts
 16014 | Lair:6   | XOM: fog
 16015 | Lair:6   | Noticed a death yak
 16022 | Lair:6   | Noticed a death yak
 16082 | Lair:6   | Reached skill level 14 in Long Blades
 16149 | Lair:6   | Gained mutation: You are robust. (+10% HP) [demonic ancestry]
 16149 | Lair:6   | Reached XP level 13. HP: 49/121 MP: 13/13
 16163 | Lair:6   | XOM: summons 4 friendly demons
 16490 | Lair:6   | Found a hide-covered altar of Uskayaw.
 16502 | Lair:6   | XOM: 3-stop teleportation journey
 16642 | Lair:6   | XOM: harmless Hex miscast
 16782 | Lair:6   | XOM: noise
 16787 | Lair:6   | Reached skill level 5 in Shields
 17214 | Lair:6   | XOM: noise
 17223 | Lair:6   | XOM: 1-stop teleportation journey
 17226 | Lair:6   | XOM: swap monsters
 17249 | Lair:6   | Found a runed door.
 17250 | Lair:6   | Found a viscous altar of Jiyva.
 17250 | Lair:6   | Found a staircase to the Slime Pits.
 17250 | Lair:6   | Noticed an azure jelly
 17250 | Lair:6   | Noticed an azure jelly
 17259 | Lair:6   | XOM: enchant monster (good)
 17267 | Lair:6   | XOM: divination: detect creatures
 17322 | Lair:6   | XOM: potion effect (haste)
 17323 | Lair:6   | XOM: divination: magic mapping
 17472 | Lair:6   | Reached skill level 15 in Long Blades
 17479 | Lair:6   | XOM is BORED!
 17479 | Lair:6   | XOM: noise
 17724 | Lair:6   | XOM: scenery: 1 doors open
 17854 | Lair:5   | XOM: scenery: create altars
 17928 | Lair:5   | XOM: confuse monster(s)
 17994 | Lair:1   | XOM: summons 6 friendly demons
 18121 | Lair:1   | XOM: scenery: create altars
 18555 | D:11     | Found Soazimi's Antique Weapon Emporium.
 18583 | D:11     | Noticed Harold
 18594 | D:11     | Killed Harold
 18608 | D:11     | Noticed Fannar
 18613 | D:11     | XOM: potion effect (brilliance)
 18622 | D:11     | Killed Fannar
 18742 | D:11     | XOM: summons friendly crimson imp
 18781 | D:11     | XOM: cloud trail
 19001 | D:12     | XOM: divination: detect creatures
 19058 | D:12     | XOM: harmless Ice miscast
 19059 | D:12     | XOM: stat loss: -1 Str (18/19)
 19073 | D:12     | Lost mutation: Armour fits poorly on your strangely shaped body. [evolution]
 19102 | D:12     | XOM: enchant monster (bad)
 19286 | D:12     | XOM: enchant monster (bad)
 19523 | D:12     | Found a staircase to the Orcish Mines.
 19533 | D:12     | XOM: confuse monster(s)
 19537 | D:12     | XOM: polymorph iron imp -> shadow imp
 19559 | D:12     | XOM: god gift: scorched scale mail {god gift}
 19560 | D:12     | Got a scorched scale mail {god gift}
 19563 | D:12     | Identified the +2 scale mail "Fifronaw" {rPois rC- rN++ Slay+2} (Xom gifted it to you on level 12 of the Dungeon)
 19740 | D:12     | XOM: enchant monster (good)
 19774 | D:13     | XOM: harmless Fire miscast
 19780 | D:13     | XOM: summons friendly crimson imp
 19786 | D:13     | Gained mutation: You are very robust. (+20% HP) [demonic ancestry]
 19786 | D:13     | Reached XP level 14. HP: 115/140 MP: 14/14
 19849 | D:13     | XOM: polymorph two-headed ogre -> wolf spider
 19871 | D:13     | XOM: polymorph iron imp -> white imp
 20074 | D:13     | Noticed Peloso's ghost (journeyman MiFi)
 20075 | D:13     | XOM: polymorph iron imp -> quasit
 20081 | D:13     | XOM: cast spell 'Chain of Chaos'
 20093 | D:13     | XOM: fog
 20170 | D:12     | XOM: harmless Conj miscast
 20368 | D:13     | Killed Peloso's ghost
 20412 | D:13     | Reached skill level 16 in Long Blades
 20416 | D:13     | Found a gate to the Vaults.
 20422 | D:13     | XOM: enchant monster (good)
 20426 | D:13     | XOM: summons 3 friendly demons
 20430 | D:13     | XOM: confuse monster(s)
 20431 | D:13     | XOM: summons friendly white imp
 20451 | D:13     | XOM: divination: magic mapping
 20467 | D:13     | XOM: scenery: create altars
 20553 | D:13     | XOM: 2-stop teleportation journey
 20615 | D:13     | XOM: polymorph iron imp -> crimson imp
 21063 | D:13     | XOM: scenery: create altars
 21312 | D:14     | XOM: summons friendly white imp
 21392 | D:14     | XOM: noise
 21398 | D:14     | XOM: noise
 21400 | D:14     | XOM: enchant monster (bad)
 21408 | D:14     | XOM: potion effect (agility)
 21411 | D:14     | XOM: polymorph shadow imp -> white imp
 21515 | D:13     | XOM: repel stairs
 21523 | D:13     | XOM: polymorph hippogriff -> moth of wrath
 22108 | D:14     | XOM: torment (71/139 hp)
 22110 | D:14     | XOM: summons 10 friendly demons
 22327 | D:14     | XOM: scenery: 1 doors close
 22562 | D:15     | Entered Level 15 of the Dungeon
 22641 | D:15     | Reached skill level 17 in Long Blades
 23067 | D:15     | XOM: give mutations
 23067 | D:15     | Gained mutation: You have sharp fingernails. [Xom's grace]
 23067 | D:15     | Lost mutation: You evolve. [Xom's grace]
 23067 | D:15     | Gained mutation: You are somewhat resistant to further mutation. [Xom's grace]
 23067 | D:15     | Gained mutation: You are extremely robust. (+30% HP) [Xom's grace]
 23126 | D:15     | XOM: confuse monster(s)
 23169 | D:15     | Mutation became permanent: You have a pair of small horns on your head. [demonic ancestry]
 23169 | D:15     | Gained mutation: You have a pair of horns on your head. [demonic ancestry]
 23169 | D:15     | Reached XP level 15. HP: 99/159 MP: 15/15
 23306 | D:15     | XOM: god gift: hand crossbow {god gift}
 23353 | D:15     | XOM: 4-stop teleportation journey
 23628 | D:15     | XOM: give mutation
 23628 | D:15     | Gained mutation: Your spells are harder to cast, but more powerful. [Xom's grace]
 23664 | D:15     | XOM: cleaving
 23827 | D:15     | Found a staircase to the Depths.
 23851 | D:15     | XOM: give mutations
 23851 | D:15     | Gained mutation: You have a pair of large horns on your head. [Xom's grace]
 23851 | D:15     | Gained mutation: You are highly resistant to hostile enchantments. (MR++) [Xom's grace]
 23851 | D:15     | Gained mutation: Your flesh is almost immune to the effects of heat. (rF+++) [Xom's grace]
 23870 | D:15     | XOM: give mutations
 23870 | D:15     | Gained mutation: Your muscles are very strong. (Str +4) [Xom's grace]
 23870 | D:15     | Gained mutation: You are extremely resistant to the effects of hostile enchantments. (MR+++) [Xom's grace]
 23870 | D:15     | Gained mutation: Your spells are much harder to cast, but much more powerful. [Xom's grace]
 24023 | D:15     | XOM: god gift: glowing lajatang {god gift}
 24074 | D:12     | XOM: give mutation
 24074 | D:12     | Gained mutation: You passively map the area around you. [Xom's grace]
 24083 | D:12     | Learned a level 1 spell: Apportation
 24087 | D:12     | Learned a level 3 spell: Lesser Beckoning
 24285 | D:11     | Found Soazimi's Antique Weapon Emporium.
 24450 | Lair:1   | XOM: smoke on damage
 24580 | Lair:1   | XOM: cloud trail
 24710 | Lair:1   | XOM: scenery: 1 doors close
 25163 | Snake:1  | Entered Level 1 of the Snake Pit
 25210 | Snake:1  | XOM: 1-stop teleportation journey
 25265 | Snake:1  | XOM: harmless Conj miscast
 25959 | Snake:2  | XOM: snakes to sticks
 25986 | Snake:2  | Reached skill level 15 in Armour
 26368 | Snake:2  | XOM: chaos upgrade
 26383 | Snake:3  | XOM: polymorph naga mage -> golden eye
 26385 | Snake:3  | XOM: 1-stop teleportation journey
 26777 | Snake:2  | XOM: noise
 27047 | Snake:2  | XOM: cast spell 'Alistair's Intoxication'
 27057 | Snake:2  | XOM: cast spell 'Leda's Liquefaction'
 27066 | Snake:2  | XOM: noise
 27069 | Snake:2  | Reached skill level 18 in Long Blades
 27143 | Snake:1  | XOM: harmless Conj miscast
 27355 | Snake:1  | XOM: harmless Tmut miscast
 27807 | Snake:3  | XOM: enchant monster (bad)
 27960 | Snake:2  | XOM: summons 3 hostile shadow creatures
 28452 | Snake:3  | XOM: destruction
 28473 | Snake:3  | XOM: 5-stop teleportation journey
 28477 | Snake:3  | XOM: enchant monster (good)
 28769 | Snake:3  | XOM: scenery: create altars
 28793 | Snake:3  | Reached XP level 16. HP: 63/173 MP: 16/16
 29006 | Snake:2  | XOM: cloud trail
 29069 | Snake:2  | XOM: god gift: short sword {god gift}
 29532 | Snake:3  | XOM: cast spell 'Summon Mana Viper'
 29582 | Snake:3  | XOM: summons 4 hostile demons
 29608 | Snake:3  | XOM: harmless Erth miscast
 30115 | Temple   | Entered the Ecumenical Temple
 30269 | Temple   | XOM: mild Summ miscast
 30589 | Snake:4  | Entered Level 4 of the Snake Pit
 30589 | Snake:4  | Found a snail-covered altar of Cheibriados.
 30723 | Snake:4  | XOM: 2-stop teleportation journey
 30878 | Snake:4  | XOM: cast spell 'Monstrous Menagerie'
 31458 | Snake:4  | XOM: confuse monster(s)
 31569 | Snake:4  | XOM: cloud trail
 31640 | Snake:4  | XOM: 4-stop teleportation journey
 31694 | Snake:4  | XOM: 7-stop teleportation journey
 31769 | Snake:4  | XOM: harmless Summ miscast
 31810 | Snake:4  | XOM: harmless Necr miscast
 31965 | Snake:4  | XOM: harmless Summ miscast
 32070 | Snake:4  | XOM: cleaving
 32095 | Snake:4  | XOM: cloud trail
 32216 | Snake:4  | XOM: 3-stop teleportation journey
 32221 | Snake:4  | XOM: fog
 32222 | Snake:4  | XOM: summons 8 friendly demons
 32237 | Snake:4  | XOM: 8-stop teleportation journey
 32241 | Snake:4  | XOM: summons 10 friendly demons
 32243 | Snake:4  | XOM: summons friendly white imp
 32250 | Snake:4  | HP: 2/176 [naga warrior/halberd (12)]
 32260 | Snake:4  | XOM: confuse monster(s)
 32265 | Snake:4  | XOM: enchant monster (good)
 32278 | Snake:4  | XOM: summons 5 hostile demons
 32281 | Snake:4  | HP: 8/176 [nagaraja/poison arrow (8)]
 32282 | Snake:4  | Shot with a bolt by a naga sharpshooter

Skill      XL: |  1  2  3  4  5  6  7  8  9 10 11 12 13 14 15 |
---------------+----------------------------------------------+-----
Long Blades    | 3 4 5 6 8 9 11 12 14 15 17 18 | 18.9
Armour         | 2 3 4 5 6 8 9 10 12 14 15 | 15.8
Fighting       | 4 5 6 7 9 10 12 | 12.8
Shields        | 4 6 |  6.6
Dodging        | |  0.8

Action                   |  1- 3 |  4- 6 |  7- 9 | 10-12 | 13-15 | 16-18 || total
-------------------------+-------+-------+-------+-------+-------+-------++-------
Melee: Falchion          |    78 |       |       |   410 |       |       ||   488
       Quarterstaff      |       |   158 |   302 |    75 |       |       ||   535
       Headbutt          |       |       |    14 |   151 |   233 |    58 ||   456
       Peck              |       |       |    12 |   198 |   235 |    49 ||   494
       Double sword      |       |       |       |   117 |       |       ||   117
       Dagger            |       |       |       |    12 |       |       ||    12
       Great sword       |       |       |       |    87 |   949 |   218 ||  1254
Throw: Throwing net      |     1 |       |     1 |       |       |       ||     2
Evoke: Wand              |       |       |       |     1 |       |       ||     1
       Lamp of fire      |       |       |       |     1 |       |       ||     1
  Use: Scroll            |     4 |       |     4 |     9 |    14 |     1 ||    32
       Potion            |       |     1 |     1 |     2 |     5 |     9 ||    18
 Stab: Sleeping          |     1 |       |     1 |       |       |       ||     2
       Held in net/web   |     3 |       |       |       |       |       ||     3
       Paralysed         |       |     2 |       |     7 |       |       ||     9
       Distracted        |       |     1 |     6 |     5 |    15 |       ||    27
       Petrified         |       |       |       |     6 |       |       ||     6
       Invisible         |       |       |       |     2 |       |       ||     2
       Confused          |       |       |       |     2 |     1 |     1 ||     4
       Petrifying        |       |       |       |     1 |       |       ||     1
  Eat: Chunk             |     1 |     7 |    22 |    28 |    15 |     1 ||    74
       Ration            |       |       |       |       |     7 |     3 ||    10
Armor: Leather armour    |    44 |    80 |   185 |   109 |       |       ||   418
       Ring mail         |       |       |       |   111 |       |       ||   111
       Plate armour      |       |       |       |    45 |   713 |   203 ||   961
Dodge: Dodged            |    57 |    92 |   153 |   273 |   268 |    64 ||   907
Block: Other             |       |       |       |    70 |   194 |    53 ||   317
       Reflection        |       |       |       |       |    23 |     5 ||    28
       Rpst.: Falchion   |    23 |       |       |    51 |       |       ||    74
       Double sword      |       |       |       |    11 |       |       ||    11
       Great sword       |       |       |       |     8 |    65 |    13 ||    86
